 Dungeon Crawl Stone Soup version 0.32-a0-120-gfac0567ad4 (webtiles) character file.

Game seed: 12105746561252322641

1236 PriceMaster the Firebug (level 8, -6/46 HPs)
             Began as an Octopode Fire Elementalist on Feb 7, 2024.
             Mangled by a two-headed ogre
             ... wielding a +0 giant spiked club
              (20 damage)
             ... on level 5 of the Dungeon.
             The game lasted 00:08:20 (3966 turns).

PriceMaster the Firebug (OpFE)                      Turns: 3966, Time: 00:08:22

Health: -6/46      AC:  1    Str:  7    XL:     8   Next: 49%
Magic:  11/16      EV: 13    Int: 20    God:
Gold:   168        SH:  0    Dex: 12    Spells: 12/18 levels left

rFire   . . .        s - +6 hand axe of the Grave {protect, rElec}
rCold   . . .        (no shield)
rNeg    . . .        (helmet restricted)
rPois   .            f - amulet of magic regeneration
rElec   +            j - ring of flight
rCorr   .            (no ring)
SInv    .            (no ring)
Will    .....        (no ring)
Stlth   ++++         (no ring)
HPRegen 0.27/turn    (no ring)
MPRegen 0.55/turn    (no ring)
                     (no ring)

%: no passive effects
@: lethally poisoned (-6 -> -14), flying
A: almost no armour, amphibious, 8 rings, camouflage 1, gelatinous body 1,
(nimble swimmer 1), tentacles
a: no special abilities


You were on level 5 of the Dungeon.
You visited 1 branch of the dungeon, and saw 5 of its levels.

You collected 168 gold pieces.

Inventory:

Hand Weapons
 b - a +0 short sword
 m - a +4 quarterstaff of chaos
 s - the +6 hand axe of the Grave (weapon) {protect, rElec}
   (You found it on level 4 of the Dungeon)

   rElec:     It insulates you from electricity.
Jewellery
 f - an amulet of magic regeneration (around mantle)
 j - a ring of flight (left tentacle)
Wands
 a - a wand of iceblast (13)
Scrolls
 e - 2 scrolls of identify {unknown}
 i - 3 scrolls of noise
 l - a scroll of blinking {unknown}
 n - 5 scrolls of teleportation {unknown}
 o - a scroll of vulnerability {unknown}
 q - a scroll of revelation {unknown}
 r - a scroll of enchant weapon {unknown}
Potions
 c - a potion of haste {unknown}
 d - a potion of invisibility {unknown}
 g - a potion of degeneration {unknown}
 h - 3 potions of lignification {unknown}
 k - 4 potions of heal wounds {unknown}
 p - a potion of curing {unknown}


   Skills:
 + Level 0.2 Fighting
 + Level 0.1 Short Blades
 + Level 0.6 Axes
 + Level 0.1 Staves
 + Level 2.5 Dodging
 + Level 4.3 Stealth
 + Level 5.9 Spellcasting
 + Level 3.5 Conjurations
 + Level 2.3 Hexes
 + Level 6.2 Fire Magic


You had 12 spell levels left.
You knew the following spells:

 Your Spells              Type           Power      Damage    Failure   Level
a - Foxfire               Conj/Fire      100%       2x1d9     1%          1
b - Scorch                Fire           60%        2d7       1%          2
c - Inner Flame           Hex/Fire       23%        N/A       5%          3

Your spell library contained the following spells:

 Spells                   Type           Power      Damage    Failure   Level
 Volatile Blastmotes      Fire/Tloc      36%        2d13      9%          3
 Necrotise                Necr           20%        1d5       11%         1
 Flame Wave               Conj/Fire      25%        2d8       14%         4
 Vampiric Draining        Necr           5%         2d6       32%         3
 Martyr's Knell           Necr/Summ      5%         N/A       71%         4
 Irradiate                Conj/Alch      6%         3d13      82%         5
 Curse of Agony           Necr           5%         N/A       96%         5
 Ignition                 Fire           15%        3d6       100%        8


Dungeon Overview and Level Annotations

Branches:
Dungeon (5/15)             Temple (0/1) D:4

Altars:
Elyvilon
Kikubaaqudgha
Nemelex Xobeh
Uskayaw
Vehumet


Innate Abilities, Weirdness & Mutations

You cannot wear most types of armour.
You are amphibious.
You can wear up to eight rings at the same time.
Your skin changes colour to match your surroundings (Stealth+).
Your rubbery body absorbs attacks. (AC +1, EV +1)
((You are camouflaged when in or above water. (Stealth+)))
You have tentacles for arms and can constrict up to eight enemies at once.


Message History

Casting: Foxfire (safe; 1% risk of failure)
Confirm with . or Enter, or press ? or * to list all spells.
You conjure some foxfire!
The scorpion is engulfed in blazing flames.
Flame seeps out of the scorpion.
A sleepcap comes into view.
Your foxfire dissipates!
A two-headed ogre comes into view.
It is wielding a +0 giant spiked club and a +0 giant club.
Casting: Foxfire (safe; 1% risk of failure)
Confirm with . or Enter, or press ? or * to list all spells.
Aiming: Inner Flame (dangerous; 5% risk of failure)
Press: ? - help, Dir - move target, f - two-headed ogre
Aim: a two-headed ogre, wielding a +0 giant spiked club and a +0 giant club (not watching you, ally target, chance to affect: 63%)
The two-headed ogre is filled with an inner flame.
The foxfire hits the two-headed ogre!
Flame seeps out of the two-headed ogre.
The two-headed ogre is lightly wounded.
The two-headed ogre is engulfed in blazing flames.
Flame seeps out of the two-headed ogre.
Casting: Inner Flame (dangerous; 5% risk of failure)
Confirm with . or Enter, or press ? or * to list all spells.
You can't see any susceptible monsters within range! (Use Z to cast anyway.)
Casting: Inner Flame (dangerous; 5% risk of failure)
Confirm with . or Enter, or press ? or * to list all spells.
You conjure some foxfire!
Your foxfire dissipates!
The scorpion attacks as it pursues you! The scorpion stings you!
You are poisoned.
The scorpion poisons you!
Casting: Foxfire (safe; 1% risk of failure)
Confirm with . or Enter, or press ? or * to list all spells.
You conjure some foxfire!
You feel very sick. The scorpion barely misses you.
Your foxfire dissipates!
You feel sick.
The foxfire hits the sleepcap but does no damage.
The scorpion attacks as it pursues you! The scorpion barely misses you.
The two-headed ogre hits you with a +0 giant spiked club!!
The two-headed ogre hits you with a +0 giant club!!
You die...

#... ...............+..
#...###.##.###.##...###
#......................
........##..#......####
#...........##.###.#
...............# #.###
.##..#.#.###.######...##
.....#.#f# #.# #.......
#...@.# #.# #.......
#.#O#s# #.# #.......
#.#.# #.# #.......
........# #.# #.......
....#.#.. ... ......###
#####.#####.#....##.# #.
.... #. #.


You could see a two-headed ogre (inner flame), a sleepcap and a scorpion (inner
flame).

Vanquished Creatures
  Pikel (D:4)
  Eustachio (D:4)
  Duvessa (D:4)
  An ice beast (D:5)
  An ogre (D:5)
  A phantom (D:5)
  Dowan (D:4)
  Crazy Yiuf (D:2)
  A sleepcap (D:4)
  An iguana (D:5)
  Robin (D:3)
  7 adders
  A dart slug (D:2)
  A ribbon worm (D:2)
  5 orcs
  7 ball pythons
  6 bats
  A bat zombie (D:3)
  4 endoplasms
  4 giant cockroaches
  14 goblins
  8 hobgoblins
  4 jackals (D:3)
  10 kobolds
  4 quokkas
  2 frilled lizards
  2 frilled lizard zombies (D:3)
  9 rats
100 creatures vanquished.

Vanquished Creatures (others)
  329 foxfires
329 creatures vanquished.

Grand Total: 429 creatures vanquished

Notes
Turn   | Place    | Note
-------+----------+-------------------------------------------
     0 | D:1      | PriceMaster the Octopode Fire Elementalist began the quest
                  | for the Orb.
     0 | D:1      | Reached XP level 1. HP: 11/11 MP: 3/3
   246 | D:1      | Reached XP level 2. HP: 17/17 MP: 1/5
   490 | D:1      | Learned a level 2 spell: Scorch
   911 | D:2      | Reached XP level 3. HP: 17/21 MP: 1/6
   927 | D:2      | Learned a level 3 spell: Inner Flame
  1227 | D:2      | Reached XP level 4. HP: 27/27 MP: 3/8
  1588 | D:2      | Found a white marble altar of Elyvilon.
  1744 | D:2      | Found a runed translucent door.
  1745 | D:2      | Noticed Crazy Yiuf
  1752 | D:2      | Killed Crazy Yiuf
  2049 | D:3      | Reached XP level 5. HP: 31/31 MP: 5/9
  2156 | D:3      | Found a sparkling altar of Nemelex Xobeh.
  2532 | D:3      | Noticed Robin
  2537 | D:3      | Reached skill level 4 in Fire Magic
  2543 | D:3      | Killed Robin
  2662 | D:3      | Found an ancient bone altar of Kikubaaqudgha.
  2891 | D:4      | Found a radiant altar of Vehumet.
  3015 | D:4      | Noticed Eustachio
  3019 | D:4      | Killed Eustachio
  3020 | D:4      | Reached XP level 6. HP: 36/36 MP: 4/12
  3067 | D:4      | Found a hide-covered altar of Uskayaw.
  3157 | D:4      | Found a staircase to the Ecumenical Temple.
  3171 | D:4      | Noticed Dowan
  3172 | D:4      | Noticed Duvessa
  3176 | D:4      | Killed Dowan
  3176 | D:4      | Killed Duvessa
  3177 | D:4      | Reached skill level 1 in Hexes
  3177 | D:4      | Reached skill level 5 in Fire Magic
  3177 | D:4      | Reached XP level 7. HP: 29/41 MP: 5/14
  3182 | D:4      | Identified the +6 hand axe of the Grave {protect, rElec}
  3316 | D:4      | Noticed Pikel
  3321 | D:4      | Killed Pikel
  3322 | D:4      | Reached skill level 5 in Spellcasting
  3322 | D:4      | Reached XP level 8. HP: 42/46 MP: 7/16
  3652 | D:5      | Entered Level 5 of the Dungeon
  3766 | D:5      | Reached skill level 6 in Fire Magic
  3961 | D:5      | Noticed a two-headed ogre
  3966 | D:5      | Mangled by a two-headed ogre

Illustrated notes

Levels and vault maps discovered:
D:1:      dpeg_arrival_central, layout_basic
D:2:      layout_basic, serial_glass, glass_columns_a, glass_columns_a,
          basic_altar, grunt_ministairs_2, minmay_pentomino_w2,
          uniq_crazy_yiuf_cottage
D:3:      layout_loops_ring, lemuel_zombie_altar_kikubaaqudgha,
          nemelex_diamond_rough_becter, amcnicky_mini_pool_small,
          nicolae_twisty_statue_hallways, uniq_robin
D:4:      layout_gridville, old_standard_altar, vehumet_crystals,
          minmay_temple_entry_tees, uniq_pikel, uniq_duvessa, uniq_eustachio
D:5:      layout_basic, serial_shops, shop

Skill      XL: |  1  2  3  4  5  6  7  8 |
---------------+-------------------------+-----
Stealth        | 3 4 |  4.3
Spellcasting   | 3 4 5 |  5.9
Conjurations   | 2 3 |  3.5
Fire Magic     | 4 5 6 |  6.2
Hexes          | 1 2 |  2.3
Fighting       | |  0.2
Short Blades   | |  0.1
Axes           | |  0.6
Staves         | |  0.1
Dodging        | |  2.5

Action                     |  1- 3 |  4- 6 |  7- 9 || total
---------------------------+-------+-------+-------++-------
  Melee: Unarmed           |     3 |       |       ||     3
         Short sword       |    18 |       |       ||    18
         Constrict         |     5 |     1 |       ||     6
         Tentacles         |     2 |     2 |     1 ||     5
         Quarterstaff      |       |     8 |       ||     8
         Hand axe          |       |       |     2 ||     2
   Cast: Foxfire           |    63 |   118 |    21 ||   202
         Scorch            |     7 |    17 |     4 ||    28
         Inner Flame       |     2 |    16 |     8 ||    26
    Use: Scroll            |       |     3 |       ||     3
         Potion            |       |     1 |       ||     1
   Stab: Sleeping          |     2 |     1 |     1 ||     4
 Armour: Skin              |    11 |    11 |     7 ||    29
  Dodge: Dodged            |    17 |    14 |     5 ||    36

Table legend: (Time is in decaauts)
 A = Elapsed time spent in this place.
 B = Non-inter-level travel time spent in this place.
 C = Inter-level travel time spent in this place.
 D = Time resting spent in this place.
 E = Time spent auto-exploring this place.
 F = Levels seen in this place.
 G = Mean time per level.
                   A        B        C        D        E       F      G
               +--------+--------+--------+--------+--------+-----+--------+
         Total |   3965 |   3876 |     89 |    465 |   2760 |   5 |  793.0 |
       Dungeon |   3965 |   3876 |     89 |    465 |   2760 |   5 |  793.0 |
               +--------+--------+--------+--------+--------+-----+--------+

Top non-repeatable levels by time:
     D:2: 980 daAuts
     D:3: 948 daAuts
     D:1: 903 daAuts
     D:4: 818 daAuts
     D:5: 313 daAuts
